 Dungeon Crawl Stone Soup version 0.20-a0-1114-g33edf32 (webtiles) character file.

16857 Duffy the Severer (level 12, -3/116 HPs)
             Began as a Naga Gladiator on May 6, 2017.
             Was an Elder of Ru.
             Slain by a death yak (12 damage)
             ... on level 5 of the Lair of Beasts.
             The game lasted 00:30:19 (26561 turns).

Duffy the Severer (Naga Gladiator)                 Turns: 26561, Time: 00:30:19

Health: -3/116     AC: 21    Str: 23    XL:     12   Next: 41%
Magic:  27/27      EV:  8    Int: 10    God:    Ru [****..]
Gold:   746        SH:  0    Dex: 12    Spells: 11/11 levels left

rFire    . . .     SeeInvis +   a - +5 battleaxe
rCold    + . .     Gourm    +   (shield currently unavailable)
rNeg     + . .     Faith    .   S - +7 chain mail "Tuhiaz" {-Cast rC+ Regen+ SInv}
rPois    +         Spirit   .   (helmet restricted)
rElec    +         Reflect  .   (no cloak)
rCorr    +         Harm     .   v - +1 pair of gloves
MR       .....     NoCast   +   (no barding)
Stlth    ..........             M - amulet of the gourmand
Regen    0.7/turn               B - ring of resist corrosion
MPRegen  0.2/turn               n - ring "Civurcha" {rElec rN+ MP+9 SInv}

@: very slow
A: fangs 1, horns 1, see invisible, deformed body, poison resistance, slowness
2, slow metabolism 1, spit poison 1, strong 1, evolution 1, no conjurations
magic, no ice magic, no necromancy magic, magic vulnerability 1, inexperienced
1, constrict 1, AC +4
a: Spit Poison, Draw Out Power, Power Leap, Renounce Religion


You were on level 5 of the Lair of Beasts.
You worshipped Ru.
Ru was greatly pleased with you.
You were very full.

You visited 3 branches of the dungeon, and saw 18 of its levels.
You also visited: Sewer.

You collected 1018 gold pieces.
You spent 272 gold pieces at shops.

Inventory:

Hand Weapons
 a - a +5 battleaxe (weapon)
 i - a +2 dagger of electrocution
 O - a +4 blowgun
Missiles
 d - 4 throwing nets (quivered)
 P - 5 curare-tipped needles
Armour
 p - a +0 helmet
 v - a +1 pair of gloves (worn)
 S - the +7 chain mail "Tuhiaz" (worn) {-Cast rC+ Regen+ SInv}
   (You found it on level 3 of the Lair of Beasts)

   It protects you from cold.
   It lets you see invisible.
   It prevents spellcasting.
   It increases your rate of regeneration.
Jewellery
 n - the ring "Civurcha" (right hand) {rElec rN+ MP+9 SInv}
   (You found it on level 2 of the Lair of Beasts)

   [ring of see invisible]

   It insulates you from electricity.
   It protects you from negative energy.
   It affects your magic capacity (+9).
   It lets you see invisible.
 x - an uncursed ring of ice
 B - a ring of resist corrosion (left hand)
 M - an amulet of the gourmand (around neck)
Wands
 j - a wand of paralysis (2/24)
 k - a wand of iceblast (5/15)
 l - a wand of lightning (11/15)
 z - a wand of flame (1/48)
 D - a wand of acid (0/15)
 G - a wand of random effects (21/48)
 K - a wand of scattershot (1/9)
 L - a wand of lightning (4/15)
 N - a wand of disintegration (4/24)
 Q - a wand of iceblast (7/15)
 U - a wand of iceblast (5/15)
 V - a wand of disintegration (5/24)
 W - a wand of iceblast (4/15)
Scrolls
 g - 14 scrolls of teleportation
 h - 4 scrolls of blinking
 q - 3 scrolls of enchant armour
 s - 9 scrolls of remove curse
 w - 3 scrolls of immolation
 y - 2 scrolls of enchant weapon
 E - a scroll of fear
 R - a scroll of magic mapping
Potions
 e - 7 potions of curing
 m - 5 potions of haste
 r - 2 potions of invisibility
 F - 2 potions of ambrosia
 H - 2 potions of agility
 I - a potion of berserk rage
 J - 5 potions of might
 T - a potion of heal wounds
 Z - a potion of flight {unknown}
Miscellaneous
 o - a phial of floods
 Y - a phantom mirror
Comestibles
 f - 6 bread rations
 t - 8 meat rations
 u - 19 fruits
 A - 6 royal jellies


   Skills:
 + Level 10.0 Fighting
 + Level 15.5 Axes
 - Level 1.7 Throwing
 + Level 10.3 Armour
 - Level 5.0 Dodging
 - Level 8.0 Evocations


You had 11 spell levels left.
You didn't know any spells.

Dungeon Overview and Level Annotations

Branches:
Dungeon (11/15)            Temple (1/1) D:7            Lair (6/6) D:11
 Shoals (0/4) Lair:4       Spider (0/4) Lair:2          Orc (0/2) D:11
  Slime: Lair:5-6

Altars:
Ashenzari
Cheibriados
Dithmenos
Elyvilon
Fedhas
Gozag
Hepliaklqana
Kikubaaqudgha
Makhleb
Nemelex Xobeh
Okawaru
Qazlal
Ru
Sif Muna
Trog
Uskayaw
Vehumet
Wu Jian
Xom
Yredelemnul
Zin
The Shining One

Shops:
D:4 :   D:8 !

Annotations:
D:9 Shinoi's ghost, journeyman HOFi
Lair:3 Rupert


Innate Abilities, Weirdness & Mutations

You cannot wear boots.
Your serpentine skin is tough. (AC +4)
You have supernaturally acute eyesight. (SInv)
Armour fits poorly on your strangely shaped body.
Your system is resistant to poisons. (rPois)
You cover ground very slowly.
You have a slow metabolism.
You can spit poison.
You cannot study or cast Conjurations magic.
You cannot study or cast Ice magic.
You cannot study or cast Necromancy magic.
You are slightly vulnerable to magic. (MR-)
You are somewhat inexperienced. (-2 XL)
You can use your snake-like lower body to constrict enemies.
You have very sharp teeth.
You have a pair of small horns on your head.
Your muscles are strong. (Str +2)
You evolve.


Message History

You hit the death yak.
You headbutt the death yak, but do no damage.
The death yak is almost dead.
You barely miss the death yak.
You redirect the death yak's attack!
The death yak gores itself!
The death yak dies!
The death yak gores you! The death yak gores you!
You see here a death yak corpse.
You slice the death yak!! Your headbutt misses the death yak.
You bite the death yak, but do no damage.
The death yak is heavily wounded.
The death yak gores you!!
You slash the death yak!
The death yak is severely wounded.
You barely miss the death yak.
The death yak is severely wounded.
The death yak gores you!
You die...

## #..#.......### .#
##...........## .##
##(...........# #.#
#...#.......### ###
##..........## #...#........#
#....##....#.# ####..#.#..### ###
#%@##..## ####.##### #Y###.## ###
##P...##..####..### #.##
##..........####.# ###.P## ##
#...........#.}..# ##....P###.
##.........#.....### #..........
##..........}.<.}..####......)..
#..................##...........
##..........##....#.##...........


You could see a death yak.

Vanquished Creatures
  Kirke (Lair:4)
  Snorg (Lair:3)
  A hydra (Lair:4)
  5 two-headed ogres
  The ghost of n0n the Carver, a novice DsGl of Okawaru (D:8)
  4 death yaks (Lair:5)
  Sonja (Lair:3)
  A wolf spider (Lair:2)
  An oklob plant (D:11)
  2 centaur zombies
  A merfolk siren (Lair:4)
  4 black mambas
  8 elephants (Lair:5)
  5 spiny frogs
  A freezing wraith (D:10)
  A kobold demonologist (D:11)
  2 komodo dragons
  3 trolls
  A jumping spider (Lair:2)
  7 hippogriffs
  2 merfolk (Lair:4)
  7 blink frogs (Lair:5)
  6 dream sheep (Lair:5)
  A shadow (D:10)
  2 wyverns
  24 yaks
  A hungry ghost (D:11)
  A hog (D:9)
  A steam dragon (D:10)
  A basilisk (Lair:3)
  Menkaure (D:7)
  8 water moccasins
  9 porcupines
  Duvessa (D:6)
  9 orc warriors
  A sky beast (D:11)
  A hornet zombie (D:10)
  7 black bears
  6 necrophages
  2 ice beasts
  14 ogres
  7 centaurs
  11 crocodiles
  14 big kobolds
  Blork the orc (D:6)
  33 bullfrogs
  A wyvern zombie (D:11)
  A water moccasin zombie (D:9)
  Dowan (D:6)
  3 scorpions
  8 killer bees
  A water moccasin skeleton (D:11)
  19 wights
  7 electric eels
  2 jellies
  7 howler monkeys
  3 crimson imps
  4 hounds
  2 quasits
  A bullfrog zombie (D:10)
  7 orc priests
  A bullfrog skeleton (D:5)
  2 iguanas (D:4)
  12 orc wizards
  9 worker ants
  A hound zombie (D:9)
  A mummy (D:10)
  A howler monkey zombie (D:8)
  A worker ant zombie (D:6)
  4 gnolls
  21 adders
  2 river rats (D:5)
  3 shadow imps
  6 oozes
  5 adder skeletons
  6 worms
  A dart slug (D:1)
  6 leopard geckos
  28 orcs
  9 ball pythons
  11 bats
  6 giant cockroaches
  5 goblins
  6 hobgoblins
  12 jackals
  2 quokkas
  5 frilled lizards
  2 jackal zombies
  36 kobolds
  A leopard gecko zombie (D:7)
  16 rats
  3 fungi
  10 plants
523 creatures vanquished.

Vanquished Creatures (others)
  A death yak (Lair:5)
  A hippogriff (Lair:5)
  A human (Lair:4)
  3 fungi
  9 plants
15 creatures vanquished.

Grand Total: 538 creatures vanquished

Notes
Turn   | Place    | Note
-------+----------+-------------------------------------------
     0 | D:1      | Duffy the Naga Gladiator began the quest for the Orb.
     0 | D:1      | Reached XP level 1. HP: 19/19 MP: 1/1
   141 | D:1      | You fall through a shaft!
   159 | D:2      | Found a hide-covered altar of Uskayaw.
   160 | D:2      | Found a basalt altar of Yredelemnul.
   187 | D:1      | Reached XP level 2. HP: 1/26 MP: 2/2
  1425 | D:1      | Reached skill level 4 in Axes
  1639 | D:1      | Reached XP level 3. HP: 24/32 MP: 3/3
  2055 | D:2      | Found a hazy altar of Hepliaklqana.
  2639 | D:2      | Reached XP level 4. HP: 35/39 MP: 4/4
  3021 | D:3      | Reached skill level 5 in Axes
  3772 | D:4      | Found a blossoming altar of Fedhas.
  3772 | D:4      | Noticed a centaur
  3861 | D:3      | Killed a centaur
  3861 | D:3      | Reached skill level 6 in Axes
  3861 | D:3      | Reached XP level 5. HP: 26/45 MP: 5/5
  4115 | D:4      | Found Korar's Book Emporium.
  4303 | D:4      | Noticed an ogre
  4308 | D:4      | Reached XP level 6. HP: 52/52 MP: 6/6
  4326 | D:4      | Reached skill level 7 in Axes
  4911 | D:4      | Reached XP level 7. HP: 40/60 MP: 7/7
  5248 | D:5      | Entered Level 5 of the Dungeon
  5332 | D:5      | Reached skill level 8 in Axes
  5646 | D:5      | Found a glowing drain.
  5655 | Sewer    | Entered a sewer
  5856 | Sewer    | Reached XP level 8. HP: 66/70 MP: 8/8
  5916 | Sewer    | Reached skill level 9 in Axes
  6978 | D:6      | Reached skill level 1 in Evocations
  7302 | D:6      | Reached skill level 10 in Axes
  7385 | D:6      | Noticed Blork the orc
  7407 | D:6      | Killed Blork the orc
  7623 | D:6      | Reached XP level 9. HP: 80/80 MP: 10/10
  7744 | D:6      | Reached skill level 1 in Armour
  8288 | D:7      | Noticed Duvessa
  8288 | D:7      | Noticed Dowan
  8714 | D:6      | Killed Duvessa
  8863 | D:6      | Killed Dowan
  9280 | D:7      | Reached skill level 11 in Axes
  9438 | D:7      | Noticed Menkaure
  9450 | D:7      | Killed Menkaure
  9698 | D:7      | Found a staircase to the Ecumenical Temple.
  9699 | D:7      | Noticed a two-headed ogre
  9705 | Temple   | Entered the Ecumenical Temple
  9708 | Temple   | Killed a two-headed ogre
  9708 | Temple   | Reached XP level 10. HP: 39/87 MP: 13/13
  9990 | Temple   | Became a worshipper of Ru the Awakened
 10273 | D:7      | Found a glowing golden altar of the Shining One.
 10709 | D:7      | Reached skill level 12 in Axes
 11172 | D:8      | Got an iridescent rapier
 11173 | D:8      | Identified the +4 rapier "Xykkoaf" {flame, *Rage MR+ MP+9 Dex+9} (You found it on level 8 of the Dungeon)
 11330 | D:8      | Noticed a two-headed ogre
 11334 | D:8      | Killed a two-headed ogre
 11334 | D:8      | Reached skill level 5 in Armour
 11395 | D:8      | Found a stormy altar of Qazlal.
 11661 | D:8      | Noticed n0n's ghost (novice DsGl)
 11927 | D:8      | Killed n0n's ghost
 12391 | D:8      | Reached skill level 5 in Evocations
 12779 | D:8      | Found Mofie's Distillery.
 12792 | D:8      | Bought a potion of heal wounds for 80 gold pieces
 12792 | D:8      | Bought a potion of berserk rage for 80 gold pieces
 12792 | D:8      | Bought a potion of might for 64 gold pieces
 12792 | D:8      | Bought a potion of lignification for 48 gold pieces
 12942 | D:8      | Reached skill level 5 in Fighting
 13108 | D:8      | Reached XP level 11. HP: 90/94 MP: 14/14
 13670 | D:10     | Entered Level 10 of the Dungeon
 14167 | D:9      | Noticed a two-headed ogre
 14178 | D:9      | Killed a two-headed ogre
 14178 | D:9      | Reached skill level 13 in Axes
 15218 | D:9      | Noticed Shinoi's ghost (journeyman HOFi)
 16018 | D:9      | Found a bloodstained altar of Trog.
 16763 | D:9      | Noticed a two-headed ogre
 17408 | D:10     | Noticed a two-headed ogre
 17416 | D:10     | Killed a two-headed ogre
 17845 | D:11     | Reached XP level 12. HP: 76/107 MP: 17/17
 18761 | D:11     | Found a shattered altar of Ashenzari.
 18770 | D:11     | Found a staircase to the Lair.
 19767 | D:11     | Noticed a two-headed ogre
 19772 | D:11     | Killed a two-headed ogre
 20288 | D:11     | Found a staircase to the Orcish Mines.
 20961 | D:11     | Reached skill level 14 in Axes
 20996 | Lair:1   | Entered Level 1 of the Lair of Beasts
 21118 | Lair:1   | Gained mutation: You are slightly vulnerable to magic. (MR-) [Ru sacrifice]
 21118 | Lair:1   | Reached * piety under Ru
 21979 | Lair:2   | Found a hole to the Spider Nest.
 22087 | Lair:2   | Got a slimy platinum ring
 22088 | Lair:2   | Identified the ring "Civurcha" {rElec rN+ MP+9 SInv} (You found it on level 2 of the Lair of Beasts)
 22809 | Lair:2   | Gained mutation: You can use your snake-like lower body to constrict enemies. [Naga growth]
 22809 | Lair:2   | Reached XP level 13. HP: 121/121 MP: 19/19
 23165 | Lair:3   | Noticed Sonja
 23167 | Lair:3   | Killed Sonja
 23878 | Lair:3   | Gained mutation: You have very sharp teeth. [potion of mutation]
 23878 | Lair:3   | Gained mutation: You are weak. (Str -2) [potion of mutation]
 23878 | Lair:3   | Gained mutation: You have a pair of small antennae on your head. [potion of mutation]
 23878 | Lair:3   | Gained mutation: Your movements are slightly less encumbered by armour. (ER -2) [potion of mutation]
 24024 | Lair:3   | Noticed Snorg
 24035 | Lair:3   | Killed Snorg
 24046 | Lair:3   | Got a pitted chain mail
 24057 | Lair:3   | Identified the +7 chain mail "Tuhiaz" {-Cast rC+ Regen+ SInv} (You found it on level 3 of the Lair of Beasts)
 24216 | Lair:3   | Gained mutation: You cannot study or cast Ice magic. [Ru sacrifice]
 24216 | Lair:3   | Gained mutation: You cannot study or cast Necromancy magic. [Ru sacrifice]
 24216 | Lair:3   | Gained mutation: You cannot study or cast Conjurations magic. [Ru sacrifice]
 24216 | Lair:3   | Reached ** piety under Ru
 24245 | Lair:3   | Noticed Rupert
 24249 | Lair:3   | Paralysed by Rupert for 3 turns
 24525 | Lair:4   | Found a staircase to the Shoals.
 24773 | Lair:4   | Noticed Kirke
 24776 | Lair:4   | Noticed a sphinx
 24780 | Lair:4   | Killed Kirke
 25111 | Lair:5   | Reached skill level 5 in Dodging
 25120 | Lair:5   | Reached skill level 15 in Axes
 25559 | Lair:5   | Reached skill level 10 in Armour
 25767 | Lair:5   | Gained mutation: You are somewhat inexperienced. (-2 XL) [Ru sacrifice]
 25767 | Lair:5   | Reached XP level 12. HP: 115/115 MP: 27/27
 25767 | Lair:5   | Reached XP level 11. HP: 106/106 MP: 26/26
 25767 | Lair:5   | Reached *** piety under Ru
 25767 | Lair:5   | Reached **** piety under Ru
 25874 | Lair:5   | Reached XP level 12. HP: 101/115 MP: 18/18
 25898 | Lair:5   | Lost mutation: You are weak. (Str -2) [potion of mutation]
 25898 | Lair:5   | Lost mutation: You have a pair of small antennae on your head. [potion of mutation]
 25898 | Lair:5   | Lost mutation: Your movements are slightly less encumbered by armour. (ER -2) [potion of mutation]
 25898 | Lair:5   | Gained mutation: Your muscles are strong. (Str +2) [potion of mutation]
 25898 | Lair:5   | Gained mutation: You evolve. [potion of mutation]
 26031 | Lair:5   | Gained mutation: You have a pair of small horns on your head. [evolution]
 26449 | Lair:6   | Entered Level 6 of the Lair of Beasts
 26449 | Lair:6   | Noticed a death yak
 26449 | Lair:6   | Noticed a death yak
 26449 | Lair:6   | Noticed a death yak
 26449 | Lair:6   | Noticed a death yak
 26449 | Lair:6   | Noticed a death yak
 26449 | Lair:6   | Noticed a death yak
 26456 | Lair:5   | Killed a death yak
 26459 | Lair:5   | Killed a death yak
 26465 | Lair:5   | Killed a death yak
 26555 | Lair:5   | Killed a death yak
 26555 | Lair:5   | Reached skill level 10 in Fighting
 26557 | Lair:5   | Killed a death yak
 26561 | Lair:5   | Slain by a death yak

Vault maps used:
D:1:      saegor_arrival_simple_f, patterned_corridor
D:2:      gammafunk_temple_overflow_statue, lemuel_crystal_altar, first_bread
D:3:      minmay_misc_feat_four_crosses
D:4:      minmay_opposing_rooms, fedhas_bush_and_centaur_altar, serial_shops,
          kennysheep_mini
D:5:      lightli_sewer_entry_pipes
D:6:      kennysheep_six_static_rooms, uniq_blork_the_orc
D:7:      overflow_temple_1_default, minmay_temple_entry_trees, uniq_duvessa,
          uniq_menkaure
D:8:      marbit_many_paths, serial_shops, nicolae_shop_waterfront,
          grunt_ogre_cave
D:9:      kennysheep_town
D:10:     serial_undead, serial_undead_f, serial_undead_f, serial_undead_f,
          serial_undead_d
D:11:     dpeg_oklobed_lair, kennysheep_orc_monster_closet_entryway, basic_altar
Temple:   lightli_temple_of_artemis
Lair:2:   spider_nest_entry_funnel_web, special_room
Lair:3:   wad_woods_antlair, serial_bayou_shore_a, uniq_snorg, uniq_rupert,
          uniq_sonja
Lair:4:   elwin_shoals_entry_rooms, infiniplex_staircase_pool_2, uniq_kirke
Lair:5:   grunt_megastairs_1, lemuel_fruit_tree
Lair:6:   evilmike_catoblepas_cave, slime_altar_1, lemuel_fruit_fields,
          grunt_megastairs_2
Sewer:    sewer_co_tree

Skill      XL: |  1  2  3  4  5  6  7  8  9 10 11 12 13 |
---------------+----------------------------------------+-----
Axes           | 4 6 7 8 10 11 12 13 14 15 | 15.5
Fighting       | 3 4 5 7 10 | 10.0
Evocations     | 2 4 5 7 8 |  8.0
Armour         | 4 5 7 8 10 | 10.3
Dodging        | 5 |  5.0
Throwing       | |  1.7

Action                   |  1- 3 |  4- 6 |  7- 9 | 10-12 | 13-15 || total
-------------------------+-------+-------+-------+-------+-------++-------
Melee: War axe           |   158 |   127 |   374 |   793 |       ||  1452
       Battleaxe         |       |       |       |   215 |   267 ||   482
       Constrict         |       |       |       |     3 |    50 ||    53
       Bite              |       |       |       |     8 |    31 ||    39
       Headbutt          |       |       |       |     8 |       ||     8
Throw: Throwing net      |       |     1 |       |       |       ||     1
Invok: Reject Sacrifices |       |       |       |     1 |       ||     1
       Sacrifice Experie |       |       |       |     1 |       ||     1
       Sacrifice Essence |       |       |       |     1 |       ||     1
       Sacrifice Arcana  |       |       |       |       |     1 ||     1
 Abil: Spit Poison       |       |     7 |    12 |     6 |       ||    25
Evoke: Wand              |       |       |     4 |    51 |     3 ||    58
  Use: Scroll            |       |     5 |    13 |    11 |     5 ||    34
       Potion            |       |     1 |     5 |     6 |     1 ||    13
 Stab: Invisible         |       |       |     1 |     1 |       ||     2
       Paralysed         |       |       |       |    27 |       ||    27
  Eat: Chunk             |     4 |     6 |     9 |    13 |    19 ||    51
       Bread ration      |       |       |     1 |     5 |       ||     6
Armor: Leather armour    |     7 |       |       |       |       ||     7
       Ring mail         |    79 |    58 |    93 |       |       ||   230
       Scale mail        |     7 |       |       |       |       ||     7
       Plate armour      |       |       |   103 |   716 |    74 ||   893
       Skin              |       |       |       |    91 |       ||    91
       Chain mail        |       |       |       |    26 |   158 ||   184
Dodge: Dodged            |   113 |    61 |   155 |   266 |   107 ||   702
